 Dungeon Crawl Stone Soup version 0.28-b1-25-g9875b3fc8c (webtiles) character file.

Game seed: 11084770678258848699

1139 adizb the Ducker (level 8, -13/64 HPs)
             Began as a Barachi Fighter on Feb 2, 2022.
             Was a Follower of Cheibriados.
             Mangled by Menkaure (14 damage)
             ... in an ossuary.
             The game lasted 00:26:22 (3841 turns).

adizb the Ducker (Barachi Fighter)                  Turns: 3841, Time: 00:26:23

Health: -13/64     AC: 13    Str: 20    XL:     8   Next: 37%
Magic:  8/8        EV: 10    Int: 12    God:    Cheibriados [*.....]
Gold:   119        SH:  5    Dex: 17    Spells: 7/7 levels left

rFire   + . .      SeeInvis .   a - +0 long sword
rCold   x . .      Faith    .   c - +0 buckler
rNeg    . . .      Spirit   .   x - +2 chain mail {Will+}
rPois   .          Reflect  .   (no helmet)
rElec   .          Harm     .   (no cloak)
rCorr   +          Rampage  .   (no gloves)
Will    +....                   i - +0 pair of boots
Stlth   ..........              (no amulet)
HPRegen 0.20/turn               k - ring of fire
MPRegen 0.11/turn               w - ring of resist corrosion

@: mighty, very slow
A: amphibious, slowness 1, strong legs 1, +LOS
a: Hop, Renounce Religion, Bend Time


You were in an ossuary.
You worshipped Cheibriados.
Cheibriados was aware of your devotion.
You visited 2 branches of the dungeon, and saw 6 of its levels.
You also visited: Sewer and Ossuary.

You collected 119 gold pieces.

Inventory:

Hand Weapons
 a - a +0 long sword (weapon)
Armour
 c - a +0 buckler (worn)
 i - a +0 pair of boots (worn)
 x - a +2 chain mail of willpower (worn)
Jewellery
 k - a ring of fire (left hand)
 w - a ring of resist corrosion (right hand)
Scrolls
 f - 2 scrolls of magic mapping
 g - 3 scrolls of enchant weapon
 j - a scroll of fear {unknown}
 n - 2 scrolls of vulnerability {unknown}
 o - a scroll of summoning {unknown}
 r - 2 scrolls of blinking {unknown}
 s - a scroll of teleportation {unknown}
 t - 2 scrolls of brand weapon {unknown}
 v - a scroll of amnesia {unknown}
Potions
 d - a potion of curing
 h - 2 potions of attraction
 m - a potion of flight {unknown}
 p - a potion of magic {unknown}
 q - a potion of mutation {unknown}


   Skills:
 + Level 6.1 Fighting
 + Level 5.6 Long Blades
 + Level 6.2 Armour
 * Level 6.3 Dodging
 - Level 4.0 Shields


You had 7 spell levels left.
You didn't know any spells.
Your spell library contained the following spells:

 Spells                   Type           Power      Damage    Failure   Level
 Ensorcelled Hibernation  Hex/Ice        0%         N/A       99%         2
 Passwall                 Tmut/Erth      0%         N/A       99%         2
 Swiftness                Air            0%         N/A       100%        3
 Tukima's Dance           Hex            0%         N/A       100%        3
 Passage of Golubria      Tloc           0%         N/A       100%        4
 Yara's Violent Unravell  Hex/Tmut       0%         3d3       100%        5


Dungeon Overview and Level Annotations

Branches:
Dungeon (5/15)             Temple (1/1) D:5           Sewer (visited)
Ossuary (1/1)

Altars:
Cheibriados
Gozag
Hepliaklqana
Kikubaaqudgha
Okawaru
Qazlal
Sif Muna
Uskayaw
Wu Jian
Yredelemnul
The Shining One

Annotations:
Ossuary Menkaure


Innate Abilities, Weirdness & Mutations

You are amphibious.
You cover ground slowly.
You can hop short distances.
You have an extended range of vision and can be seen from far away.


Message History

Menkaure calls on the powers of darkness!
Your body is wracked with pain!
You barely miss Menkaure.
Menkaure casts a spell.
Menkaure seems to speed up.
You hit Menkaure but do no damage.
A mummy comes into view.
Menkaure completely misses you.
Menkaure points at you and mumbles some strange words.
You resist with some effort.
A gnoll zombie comes into view.
You closely miss the mummy. Menkaure breathes soot at you.
The mummy hits you but does no damage.
You slash the mummy!
The mummy is heavily damaged.
You hit the mummy but do no damage.
The mummy is heavily damaged.
The mummy hits you but does no damage.
You hit the mummy.
The mummy is heavily damaged.
You block the mummy's attack.
Menkaure calls on the powers of darkness!
Your body is wracked with pain!
* * * LOW HITPOINT WARNING * * *
You feel better.
Menkaure calls on the powers of darkness!
Your body is wracked with pain!
* * * LOW HITPOINT WARNING * * *
You feel very mighty all of a sudden. The mummy misses you.
You are too injured to fight recklessly!
You slash the mummy!
You destroy the mummy!
You hit Menkaure.
Menkaure is moderately damaged.
Menkaure hits you!
* * * LOW HITPOINT WARNING * * *
Menkaure hits you!
You die...

#..##..##..####..##..##..##
..##..##.^## ##..##..##..##
.##..##..## ##..##..##..##
##..##..## ##..##..##..##
#..##..## ##..##..##..## ..##..##
##..##..##..## .##..##
.##..##..##..##
##..##############''##..##..##..#
#...............@MZ.^##..##..##..
########################..##..##.
...........................##..##
##############################..#
.................................
#################################


You could see Menkaure (fast) and a gnoll zombie.

Vanquished Creatures
  Grinder (D:4)
  Sigmund (D:2)
  Pargi (Sewer)
  A black bear (D:5)
  An ogre (D:4)
  A necrophage (D:5)
  2 scorpions
  A bullfrog zombie (D:5)
  A bullfrog skeleton (D:4)
  Jessica (D:3)
  A scorpion zombie (D:5)
  4 mummies
  2 adders
  3 river rats (D:4)
  A white imp (D:5)
  An adder skeleton (D:4)
  A dart slug (D:4)
  2 orcs
  9 endoplasms
  5 giant cockroaches
  3 gnoll zombies (Ossuary)
  5 goblins
  6 hobgoblins
  2 jackals (D:2)
  A quokka (D:1)
  9 ball pythons
  9 bats
  7 frilled lizards (Sewer)
  2 gnoll skeletons (Ossuary)
  3 goblin skeletons (Ossuary)
  5 goblin zombies (Ossuary)
  3 hobgoblin skeletons (Ossuary)
  3 hobgoblin zombies (Ossuary)
  6 kobolds
  6 kobold skeletons (Ossuary)
  3 kobold zombies (Ossuary)
  7 orc skeletons (Ossuary)
  4 orc zombies (Ossuary)
  8 rats
  3 rat skeletons (Ossuary)
  6 rat zombies (Ossuary)
141 creatures vanquished.

Notes
Turn   | Place    | Note
-------+----------+-------------------------------------------
     0 | D:1      | adizb the Barachi Fighter began the quest for the Orb.
     0 | D:1      | Reached XP level 1. HP: 18/18 MP: 1/1
   119 | D:1      | Reached XP level 2. HP: 25/25 MP: 2/2
   148 | D:1      | Reached skill level 1 in Dodging
   569 | D:1      | Reached XP level 3. HP: 29/30 MP: 3/3
   618 | D:2      | Noticed Sigmund
  1552 | D:2      | Killed Sigmund
  1553 | D:2      | Reached XP level 4. HP: 14/38 MP: 4/4
  1553 | D:2      | Reached XP level 5. HP: 16/43 MP: 5/5
  1767 | D:3      | Found a shimmering blue altar of Sif Muna.
  1902 | D:3      | Noticed Jessica
  1905 | D:3      | Killed Jessica
  1906 | D:3      | Reached XP level 6. HP: 49/49 MP: 6/6
  2364 | D:4      | Reached skill level 5 in Fighting
  2364 | D:4      | Reached skill level 5 in Armour
  2471 | D:4      | Reached XP level 7. HP: 48/56 MP: 7/7
  2494 | D:4      | Found a glowing drain.
  2498 | Sewer    | Entered a sewer
  2539 | Sewer    | Noticed Pargi
  2567 | Sewer    | Killed Pargi
  2785 | D:4      | Identified the +0 chain mail of the Original Sin {-Cast
                  | Rampage Drain SInv}
  2929 | D:4      | Noticed Grinder
  2935 | D:4      | Paralysed by Grinder for 2 turns
  2965 | D:4      | Killed Grinder
  2966 | D:4      | Reached skill level 5 in Long Blades
  2966 | D:4      | Reached skill level 5 in Dodging
  3140 | D:5      | Entered Level 5 of the Dungeon
  3217 | D:5      | Reached XP level 8. HP: 44/64 MP: 8/8
  3285 | D:5      | Found a staircase to the Ecumenical Temple.
  3356 | Temple   | Entered the Ecumenical Temple
  3364 | Temple   | Became a worshipper of Cheibriados the Contemplative
  3464 | D:5      | Found a sand-covered staircase.
  3479 | Ossuary  | Entered an ossuary
  3602 | Ossuary  | Reached * piety under Cheibriados
  3828 | Ossuary  | Noticed Menkaure
  3841 | Ossuary  | HP: 1/64 [Menkaure (15)]
  3841 | Ossuary  | Mangled by Menkaure

Illustrated notes

Levels and vault maps discovered:
D:1:      lemuel_arrival_room, layout_loops_ring, grunt_decor_cap
D:2:      layout_basic, minmay_misc_feat_diagonals, chequers_jeans, uniq_sigmund
D:3:      layout_basic, mainiacjoe_overflow_paths, uniq_jessica
D:4:      layout_basic, gup_sewer_entry_spiral, uniq_grinder
D:5:      layout_basic, temple_fountains, gup_ossuary_entry_pyramid
Temple:   eino_narrow_crystal_temple
Ossuary:  ossuary_due_pyramid

Skill      XL: |  1  2  3  4  5  6  7  8 |
---------------+-------------------------+-----
Dodging        | 1 3 4 5 6 |  6.3
Armour         | 4 5 6 |  6.2
Fighting       | 4 5 6 |  6.1
Long Blades    | 3 4 5 |  5.6
Shields        | 4 |  4.0

Action                   |  1- 3 |  4- 6 |  7- 9 || total
-------------------------+-------+-------+-------++-------
Melee: Long sword        |   105 |    75 |   285 ||   465
 Abil: Hop               |       |     1 |     1 ||     2
  Use: Scroll            |     3 |       |     1 ||     4
       Potion            |     1 |       |     2 ||     3
Armor: Scale mail        |    61 |     1 |       ||    62
       Plate armour      |       |    39 |    98 ||   137
       Chain mail        |       |       |    81 ||    81
Dodge: Dodged            |    69 |    24 |   108 ||   201
Block: Buckler           |    28 |    17 |    57 ||   102
